 Dungeon Crawl Stone Soup version 0.22-b1-21-g5cfc168 (webtiles) character file.

1277 letownia2 the Ruffian (level 8, -3/57 HPs)
             Began as a Demonspawn Transmuter on Aug 5, 2018.
             Shot with an arrow by a centaur (14 damage)
             ... on level 6 of the Dungeon.
             The game lasted 00:19:58 (3071 turns).

letownia2 the Ruffian (Demonspawn Transmuter)       Turns: 3071, Time: 00:19:59

Health: -3/57      AC:  4    Str: 14    XL:     8   Next: 29%
Magic:  6/11       EV: 19    Int: 14    God:
Gold:   62         SH:  0    Dex: 20    Spells: 5/11 levels left

rFire    + . .     SeeInvis .     - Unarmed
rCold    . . .     Gourm    .   (shield currently unavailable)
rNeg     . . .     Faith    .   (armour currently unavailable)
rPois    x         Spirit   .   (helmet currently unavailable)
rElec    .         Reflect  .   (cloak currently unavailable)
rCorr    .         Harm     .   (gloves currently unavailable)
MR       .....                  (boots currently unavailable)
Stlth    ++........             (no amulet)
HPRegen  0.19/turn              c - +2 ring of protection
MPRegen  0.12/turn              r - ring of protection from fire

@: spider-form
A: tiny, thin skeletal structure 1
a: End Transformation


You were on level 6 of the Dungeon.
You were not hungry.
You were a venomous arachnid creature.
You visited 1 branch of the dungeon, and saw 7 of its levels.

You collected 174 gold pieces.
You spent 112 gold pieces at shops.

Inventory:

Hand Weapons
 e - a +0 hunting sling
 f - a +1 hand axe of freezing
 g - a +1 dagger of electrocution
 y - a +0 hunting sling
 F - a cursed +0 shortbow
Missiles
 a - 27 arrows
 p - 2 throwing nets
 q - 5 tomahawks (quivered)
 w - 27 sling bullets
Armour
 k - a +0 helmet
 t - a cursed +0 leather armour (melded)
 u - a cursed +0 pair of boots
 A - a +0 scale mail
 D - the +3 chain mail of Charity {Int+2, unknown}
   (You took it off an orc on level 4 of the Dungeon)

   It affects your intelligence (+2).
Jewellery
 c - a +2 ring of protection (left front leg)
 r - a ring of protection from fire (right front leg)
 C - a +1 ring of protection
Wands
 z - a wand of polymorph (11)
Scrolls
 j - a scroll of blinking {unknown}
 l - 2 scrolls of fog {unknown}
 m - a scroll of magic mapping {unknown}
 o - 2 scrolls of teleportation {unknown}
 s - a scroll of enchant weapon {unknown}
 v - 3 scrolls of identify {unknown}
 x - a scroll of remove curse {unknown}
 B - a scroll of enchant armour {unknown}
Potions
 b - 3 potions of heal wounds
 h - a potion of berserk rage {unknown}
 i - a potion of flight
 n - a potion of mutation {unknown}
 E - a potion of invisibility {unknown}
 G - a potion of lignification
Comestibles
 d - 6 rations


   Skills:
 - Level 2.3 Fighting
 - Level 3.3 Armour
 - Level 1.7 Dodging
 + Level 7.8 Unarmed Combat
 - Level 2.0 Spellcasting
 - Level 3.4 Transmutations
 - Level 2.0 Poison Magic


You had 5 spell levels left.
You knew the following spells:

 Your Spells              Type           Power        Failure   Level  Hunger
a - Beastly Appendage     Tmut           ##....       17%         1    ##.....
l - Sticks to Snakes      Tmut           ##......     22%         2    ###....
p - Spider Form           Tmut/Pois      #.........   45%         3    ####...

Your spell library contained the following spells:

 Spells                   Type           Power        Failure   Level  Hunger
 Blade Hands              Tmut           ##........   95%         5    ######.
 Ice Form                 Ice/Tmut       #.......     89%         4    #####..


Dungeon Overview and Level Annotations

Branches:
Dungeon (7/15)
 Temple: D:4-7

Altars:
Okawaru

Shops:
D:6 !

Annotations:
D:6 Dowan


Innate Abilities, Weirdness & Mutations

((You have hoof-like feet.))
You have a somewhat thin skeletal structure. (Dex +2, Stealth)


Message History

You kill the quokka!
A centaur comes into view.
The centaur shouts!
The centaur wields a shortbow.
The centaur shoots an arrow.
The arrow barely misses you.
You see here an arrow.
The centaur shoots an arrow.
The arrow hits you.
You see here an arrow.
Casting: Spider Form (safe; 28% risk of failure)
Confirm with . or Enter, or press ? or * to list all spells.
You turn into a venomous arachnid creature.
Your cursed +0 leather armour melds into your body.
The centaur shoots an arrow.
The arrow hits you.
The centaur shoots an arrow.
The arrow hits you!
Unknown command.
The centaur shoots an arrow.
The arrow barely misses you.
The centaur shoots an arrow.
The arrow hits you!
* * * LOW HITPOINT WARNING * * *
The centaur shoots an arrow.
The arrow hits you!
You die...

#....#
##....
#....#
#....##
#.c...#
.....#
#...#
##s..##
#.....#
#.....#
##((.##
##((.##
#.....#
#.....#
##....#
##....#


You could see a centaur.

Vanquished Creatures
  2 ogres
  A phantom (D:6)
  A centaur (D:5)
  Blork the orc (D:5)
  A scorpion (D:5)
  3 crimson imps
  A howler monkey (D:5)
  A hound (D:5)
  An orc priest (D:4)
  2 bullfrog skeletons (D:4)
  3 iguanas
  2 orc wizards
  4 worker ants
  A hound zombie (D:5)
  2 howler monkey skeletons
  A howler monkey zombie (D:5)
  4 gnolls (D:6)
  6 adders
  3 worms
  5 dart slugs
  5 leopard geckos
  12 orcs
  2 ball pythons
  7 giant cockroaches
  9 goblins
  14 hobgoblins
  4 jackals (D:3)
  6 kobolds
  2 quokkas
  2 bats (D:3)
  5 frilled lizards
  A giant cockroach zombie (D:5)
  5 rats
119 creatures vanquished.

Vanquished Creatures (collateral kills)
  An ogre (D:6)
  A jelly (D:5)
2 creatures vanquished.

Grand Total: 121 creatures vanquished

Notes
Turn   | Place    | Note
-------+----------+-------------------------------------------
     0 | D:1      | letownia2 the Demonspawn Transmuter began the quest for the Orb.
     0 | D:1      | Reached XP level 1. HP: 15/15 MP: 3/3
   135 | D:2      | Found an iron altar of Okawaru.
   143 | D:2      | Reached skill level 3 in Unarmed Combat
   241 | D:1      | Lost mutation: You have claws for feet. [demonic ancestry]
   241 | D:1      | Lost mutation: You have razor-sharp toenails. [demonic ancestry]
   241 | D:1      | Lost mutation: You have sharp toenails. [demonic ancestry]
   241 | D:1      | Gained mutation: You have large cloven feet. [demonic ancestry]
   241 | D:1      | Reached XP level 2. HP: 18/21 MP: 1/5
   282 | D:1      | Learned a level 2 spell: Sticks to Snakes
   443 | D:1      | Gained mutation: You have a somewhat thin skeletal structure. (Dex +2, Stealth) [demonic ancestry]
   443 | D:1      | Reached XP level 3. HP: 24/26 MP: 4/6
   521 | D:1      | Reached skill level 4 in Unarmed Combat
   733 | D:2      | Reached XP level 4. HP: 9/32 MP: 4/7
   753 | D:2      | Reached skill level 5 in Unarmed Combat
  1007 | D:3      | Learned a level 3 spell: Spider Form
  1032 | D:3      | Reached XP level 5. HP: 8/37 MP: 5/8
  1285 | D:2      | HP: 1/37 [poisoned by an adder]
  1376 | D:2      | Reached skill level 1 in Poison Magic
  1688 | D:5      | Entered Level 5 of the Dungeon
  1731 | D:4      | Reached XP level 6. HP: 30/44 MP: 7/9
  2145 | D:4      | Got a shimmering chain mail
  2197 | D:5      | Noticed Blork the orc
  2211 | D:4      | Reached XP level 7. HP: 23/51 MP: 6/10
  2326 | D:5      | Reached skill level 6 in Unarmed Combat
  2476 | D:5      | Reached skill level 1 in Armour
  2588 | D:5      | Killed Blork the orc
  2863 | D:6      | Reached skill level 7 in Unarmed Combat
  2863 | D:6      | Gained mutation: You have hoof-like feet. [demonic ancestry]
  2863 | D:6      | Reached XP level 8. HP: 31/57 MP: 9/11
  2948 | D:6      | Noticed Dowan
  2973 | D:6      | Found Vusmuh's Distillery.
  2981 | D:6      | Bought a potion of lignification for 42 gold pieces
  2981 | D:6      | Bought a potion of heal wounds for 70 gold pieces
  3071 | D:6      | Shot with an arrow by a centaur

Skill      XL: |  1  2  3  4  5  6  7 |
---------------+----------------------+-----
Unarmed Combat | 3 4 5 7 |  7.8
Transmutations | 2 3 |  3.4
Poison Magic   | 1 2 |  2.0
Fighting       | 2 |  2.3
Armour         | 3 |  3.3
Dodging        | |  1.7
Spellcasting   | |  2.0

Action                   |  1- 3 |  4- 6 |  7- 9 || total
-------------------------+-------+-------+-------++-------
Melee: Unarmed           |   106 |   151 |    93 ||   350
       Kick              |    13 |    32 |    11 ||    56
       Headbutt          |    11 |    13 |       ||    24
       Punch             |     1 |     6 |       ||     7
Throw: Throwing net      |     1 |       |       ||     1
       Tomahawk          |       |    11 |       ||    11
 Cast: Beastly Appendage |    20 |    15 |     3 ||    38
       Spider Form       |       |     9 |    11 ||    20
       Sticks to Snakes  |       |     1 |     3 ||     4
  Use: Potion            |       |     1 |       ||     1
 Stab: Sleeping          |     1 |     1 |       ||     2
  Eat: Chunk             |       |     7 |     2 ||     9
       Ration            |       |       |     1 ||     1
Armor: Ring mail         |    35 |       |       ||    35
       Leather armour    |       |    13 |     8 ||    21
       Skin              |       |     6 |     5 ||    11
Dodge: Dodged            |    48 |    72 |    55 ||   175
